 Dungeon Crawl Stone Soup version 0.28-a0-1038-g9c4cb8273d (webtiles) character file.

Game seed: 6013836043963858923

41 croobank the Magician (level 3, -14/21 HPs)
             Began as an Octopode Hedge Wizard on Dec 8, 2021.
             Demolished by Terence (17 damage)
             ... on level 2 of the Dungeon.
             The game lasted 00:07:29 (1552 turns).

croobank the Magician (Octopode Hedge Wizard)       Turns: 1552, Time: 00:07:30

Health: -14/21     AC:  1    Str: 11    XL:     3   Next: 52%
Magic:  3/8        EV: 13    Int: 16    God:
Gold:   39         SH:  0    Dex: 11    Spells: 3/9 levels left

rFire   . . .      SeeInvis .   a - +0 dagger
rCold   . . .      Faith    .   (no shield)
rNeg    . . .      Spirit   .   b - +0 hat
rPois   .          Reflect  .   (no amulet)
rElec   .          Harm     .   (no ring)
rCorr   .          Rampage  .   (no ring)
Will    .....                   (no ring)
Stlth   +++.......              (no ring)
HPRegen 0.07/turn               (no ring)
MPRegen 0.11/turn               (no ring)
                                (no ring)
                                (no ring)

@: no status effects
A: almost no armour, amphibious, 8 rings, camouflage 1, gelatinous body 1,
(nimble swimmer 1), tentacles
a: no special abilities


You were on level 2 of the Dungeon.
You visited 1 branch of the dungeon, and saw 2 of its levels.

You collected 39 gold pieces.

Inventory:

Hand Weapons
 a - a +0 dagger (weapon)
 e - a +0 hunting sling
 h - a +0 scimitar
Missiles
 d - 6 stones
 i - 19 arrows
 j - 18 sling bullets
Armour
 b - a +0 hat (worn)
Scrolls
 f - a scroll of silence {unknown}
 g - a scroll of teleportation {unknown}


   Skills:
 + Level 0.3 Short Blades
 + Level 2.3 Dodging
 + Level 3.4 Stealth
 + Level 3.7 Spellcasting
 + Level 1.0 Conjurations
 + Level 1.0 Summonings
 + Level 1.0 Translocations


You had 3 spell levels left.
You knew the following spells:

 Your Spells              Type           Power      Damage    Failure   Level
a - Magic Dart            Conj           24%        1d4       12%         1
b - Slow                  Hex            12%        N/A       17%         1
c - Blink                 Tloc           12%        N/A       17%         2
d - Call Imp              Summ           6%         N/A       17%         2

Your spell library contained the following spells:

 Spells                   Type           Power      Damage    Failure   Level
 Conjure Flame            Conj/Fire      4%         6-21      38%         3
 Mephitic Cloud           Conj/Pois/Air  4%         N/A       41%         3


Dungeon Overview and Level Annotations

Branches:
Dungeon (2/15)

Altars:

Annotations:
D:2 1 runed translucent door, Crazy Yiuf, Terence


Innate Abilities, Weirdness & Mutations

You cannot wear most types of armour.
You are amphibious.
You can wear up to eight rings at the same time.
Your skin changes colour to match your surroundings (Stealth+).
Your rubbery body absorbs attacks. (AC +1, EV +1)
((You are camouflaged near water. (Stealth+)))
You have tentacles for arms and can constrict up to eight enemies at once.


Message History

You are very lightly contaminated with residual magic.
Nothing appears to happen.
The frilled lizard hisses angrily.
You hit Terence. You grab Terence.
Terence is lightly wounded.
You constrict Terence, but do no damage.
Terence barely misses you.
You hit Terence. Your squeeze misses Terence.
Terence is lightly wounded.
You constrict Terence, but do no damage.
An endoplasm comes into view.
Terence drinks a potion.
Terence goes berserk!
The endoplasm quivers.
You hit Terence but do no damage. You squeeze Terence!
Terence is heavily wounded.
You constrict Terence. Terence closely misses you.
You hit Terence but do no damage. You squeeze Terence, but do no damage.
Terence is heavily wounded.
You constrict Terence, but do no damage.
Terence barely misses you. Terence hits you with a +0 mace.
You hit Terence but do no damage.
Terence is heavily wounded.
You constrict Terence, but do no damage.
Terence completely misses you.
You hit Terence but do no damage.
Terence is heavily wounded.
You constrict Terence. Terence hits you with a +0 mace.
Terence hits you with a +0 mace!
Ouch! That really hurt!
* * * LOW HITPOINT WARNING * * *
You release your grip on Terence.
Terence barely misses you.
Your magical contamination has completely faded away.
Okay, then.
You aren't carrying any potions.
Terence barely misses you.
This is a scroll of acquirement!
Something appears before you! Terence hits you with a +0 mace!
Ouch! That really hurt!
You die...

#+# #........ ♣.♣♣
#....... ♣♣.♣ #....#.#
### ♣.♣♣ #....#.# ..#
♣♣.♣ #...l..# .# ♣♣.♣♣
#..#S.## .# ♣♣...♣
#...#..# ##. †## ♣....♣
#.#@##S# .... ..# #....#
#.#.@..#...# ..# ##..##
#.###......# .## #...#
#.........## .###
##..####.........#
...#####.....<........#
.........####............
#......................#.
##......................#
#...............##.......


You could see Terence (berserk) and an adder.

Vanquished Creatures
  A dart slug (D:1)
  5 ball pythons
  3 endoplasms
  7 goblins
  2 hobgoblins (D:1)
  3 jackals (D:2)
  5 kobolds (D:1)
  4 bats (D:1)
  2 rats (D:1)
32 creatures vanquished.

Vanquished Creatures (collateral kills)
  A goblin (D:1)
1 creature vanquished.

Vanquished Creatures (others)
  A fungus (D:1)
1 creature vanquished.

Grand Total: 34 creatures vanquished

Notes
Turn   | Place    | Note
-------+----------+-------------------------------------------
     0 | D:1      | croobank the Octopode Hedge Wizard began the quest for the
                  | Orb.
     0 | D:1      | Reached XP level 1. HP: 11/11 MP: 4/4
   461 | D:1      | Reached XP level 2. HP: 17/17 MP: 6/6
   682 | D:1      | Learned a level 1 spell: Slow
   685 | D:1      | Learned a level 2 spell: Blink
   688 | D:1      | Learned a level 2 spell: Call Imp
   740 | D:1      | Found a faded altar of an unknown god.
   844 | D:1      | Reached XP level 3. HP: 21/21 MP: 6/8
  1505 | D:2      | Found a runed translucent door.
  1506 | D:2      | Noticed Crazy Yiuf
  1535 | D:2      | Noticed Terence
  1552 | D:2      | Identified a scroll of acquirement
  1552 | D:2      | Acquired the ring of the Prince of Darkness {EV+4 Str+7
                  | Int+2 Dex-4}
  1552 | D:2      | Demolished by Terence

Illustrated notes

Levels and vault maps discovered:
D:1:      dpeg_arrival_shrine, layout_basic, shapermc_ecumenical_altar_acropolis
D:2:      layout_rooms, uniq_crazy_yiuf_cottage, uniq_terence

Skill      XL: |  1  2 |
---------------+-------+-----
Stealth        | 3 |  3.4
Short Blades   | |  0.3
Dodging        | |  2.3
Spellcasting   | |  3.7
Conjurations   | |  1.0
Summonings     | |  1.0
Translocations | |  1.0

Action                   || total
-------------------------++-------
Melee: Dagger            ||    68
       Constrict         ||    15
       Tentacles         ||     8
 Cast: Magic Dart        ||    22
       Call Imp          ||     1
  Use: Scroll            ||     1
 Stab: Sleeping          ||     9
Armor: Skin              ||     7
Dodge: Dodged            ||    45

Table legend: (Time is in decaauts)
 A = Elapsed time spent in this place.
 B = Non-inter-level travel time spent in this place.
 C = Inter-level travel time spent in this place.
 D = Time resting spent in this place.
 E = Time spent auto-exploring this place.
 F = Levels seen in this place.
 G = Mean time per level.
                   A        B        C        D        E       F      G
               +--------+--------+--------+--------+--------+-----+--------+
         Total |   1551 |   1525 |     26 |    429 |    829 |   2 |  775.5 |
       Dungeon |   1551 |   1525 |     26 |    429 |    829 |   2 |  775.5 |
               +--------+--------+--------+--------+--------+-----+--------+

Top non-repeatable levels by time:
     D:1: 1368 daAuts
     D:2: 182 daAuts
